 Dungeon Crawl Stone Soup version 0.31-a0-875-g02e7d12df6 (webtiles) character file.

Game seed: 10310463092990988701

147 javelincjr the Changeling (level 5, 0/48 HPs)
             Began as a Troll Shapeshifter on Oct 12, 2023.
             Was a Follower of Trog.
             Slain by an orc
             ... wielding a +0 short sword
              (4 damage)
             ... on level 4 of the Dungeon.
             The game lasted 00:06:00 (2529 turns).

javelincjr the Changeling (Troll Shapeshifter)      Turns: 2529, Time: 00:06:01

Health: 0/48       AC:  4    Str: 24    XL:     5   Next: 7%
Magic:  4/4        EV: 10    Int:  6    God:    Trog [*.....]
Gold:   165        SH:  0    Dex: 15    Spells: 4/4 levels left

rFire   . .          .
                       - Unarmed
rCold   . . .        (no shield)
rNeg    . . .        a - +0 animal skin
rPois   .            (helmet currently unavailable)
rElec   .            (cloak currently unavailable)
rCorr   .            (gloves unavailable)
SInv    .            (boots unavailable)
Will    .....        (no amulet)
Stlth   +            k - +6 ring of dexterity
HPRegen 1.08/turn    r - ring of flight
MPRegen 0.09/turn

%: no passive effects
@: lethally poisoned (0 -> -1), beast-form, flying
A: beast (slay +2), large, unfitting armour, claws 3, regeneration 1, shaggy fur
1, tough skin 1
a: Begin Untransformation, Renounce Religion, Berserk


You were on level 4 of the Dungeon.
You worshipped Trog.
Trog was aware of your devotion.
You were a hulking beast.
You visited 1 branch of the dungeon, and saw 4 of its levels.

You collected 165 gold pieces.

Inventory:

Hand Weapons
 g - a +2 short sword of holy wrath
Armour
 a - a +0 animal skin (worn)
 j - an orb of mayhem
Jewellery
 k - a +6 ring of dexterity (left claw)
 r - a ring of flight (right claw)
Talismans
 c - a beast talisman (active)
 d - a flux talisman
Wands
 p - a wand of charming (11)
Scrolls
 e - 3 scrolls of identify {unknown}
 f - a scroll of immolation {unknown}
 h - 3 scrolls of noise {unknown}
 i - a scroll of vulnerability {unknown}
Potions
 b - 2 potions of lignification
 l - a potion of curing {unknown}
 m - a potion of magic {unknown}
 n - 2 potions of enlightenment {unknown}
 o - a potion of invisibility {unknown}
 q - a potion of cancellation {unknown}


   Skills:
 - Level 1.0 Fighting
 - Level 1.7 Dodging
 - Level 3.1 Unarmed Combat
 * Level 5.2 Shapeshifting


You had 4 spell levels left.
You didn't know any spells.
Your spell library contained the following spells:

 Spells                   Type           Power      Damage    Failure   Level
 Sublimation of Blood     Necr           0%         N/A       58%         2
 Wereblood                Tmut           0%         N/A       58%         2
 Gell's Gravitas          Tloc           0%         N/A       83%         3
 Teleport Other           Tloc           0%         N/A       83%         3
 Dispersal                Tloc           0%         N/A       100%        6
 Summon Hydra             Summ           0%         N/A       100%        7


Dungeon Overview and Level Annotations

Branches:
Dungeon (4/15)
 Temple: D:4-7

Altars:
Gozag
Trog


Innate Abilities, Weirdness & Mutations

You are a hulking beast.
Your limbs bulge with bestial killing power. (Slay +2)
You are too large for most types of armour.
You have claws for hands.
Your natural rate of healing is unusually fast.
You are covered in fur. (AC +1)
You have tough skin. (AC +1)


Message History

The orc hits you from afar with a +0 trident of venom.
You are more poisoned.
You feel very sick.
The orc hits you with a +0 trident of venom.
You closely miss the orc.
You feel sick.
The orc hits you with a +0 trident of venom.
You are more poisoned.
You are too injured to fight recklessly!
You are too injured to fight recklessly!
You are too injured to fight recklessly!
You are too injured to fight recklessly!
You claw the orc!
You kill the orc!
Trog accepts your kill.
You feel very sick.
Your Shapeshifting skill increases to level 5!
You feel very sick.
The orc wizard hits you with a +0 dagger.
* * * LOW HITPOINT WARNING * * *
You see here a +0 trident of venom.
You completely miss the orc wizard.
You feel very sick.
The orc wizard gestures wildly while chanting.
The orc wizard flickers and vanishes!
Deactivating autopickup; reactivate with Ctrl-A.
The orc hits you with a +0 short sword.
* * * LOW HITPOINT WARNING * * *
You claw something!
You feel sick. Something hits you but does no damage.
The orc hits you with a +0 short sword.
* * * LOW HITPOINT WARNING * * *
You claw something! Trog accepts your kill.
Trog appreciates your killing of a magic user.
Reactivating autopickup.
You feel a bit more experienced.
You feel sick. The orc closely misses you.
You have reached level 5!
You barely miss the orc.
You feel sick. The orc barely misses you.
You scratch the orc but do no damage.
You feel sick. The orc hits you with a +0 short sword.
You die...

....... ......
#.#..# #....#
.....# #
#....##
#.###.#)o#.
......#h#.#
#.....†.#.#
........#.#
#.###...#.# #
#.#.#.#
#...#...#
#.#####.####.##
#...#...>......
# #.#.######.##


You could see an orc.

Vanquished Creatures
  An orc wizard (D:4)
  4 adders
  3 worms
  A dart slug (D:3)
  An orc (D:4)
  4 endoplasms
  5 goblins
  12 hobgoblins
  8 jackals
  A quokka (D:1)
  8 ball pythons
  6 bats
  3 frilled lizards
  5 kobolds
  6 rats
68 creatures vanquished.

Notes
Turn   | Place    | Note
-------+----------+-------------------------------------------
     0 | D:1      | javelincjr the Troll Shapeshifter began the quest for the
                  | Orb.
     0 | D:1      | Reached XP level 1. HP: 18/18 MP: 0/0
    41 | D:1      | Reached skill level 1 in Fighting
    74 | D:1      | Reached XP level 2. HP: 27/27 MP: 1/1
    91 | D:1      | You fall into a shaft and drop 1 floor!
   195 | D:1      | Reached XP level 3. HP: 29/33 MP: 2/2
   635 | D:1      | Reached skill level 4 in Shapeshifting
   964 | D:2      | Reached XP level 4. HP: 41/41 MP: 3/3
  1115 | D:2      | Found a faded altar of an unknown god.
  1135 | D:2      | Prayed at the altar of an unknown god.
  1135 | D:2      | Became a worshipper of Trog the Wrathful
  1135 | D:2      | Reached * piety under Trog
  1780 | D:3      | Identified the +1 ring mail of Rawuwa Nuby {Fly Str+2
                  | Int+3}
  2447 | D:4      | Found an opulent altar of Gozag.
  2524 | D:4      | Reached skill level 5 in Shapeshifting
  2528 | D:4      | Reached XP level 5. HP: 4/48 MP: 4/4
  2529 | D:4      | Slain by an orc

Illustrated notes

Levels and vault maps discovered:
D:1:      grunt_arrival_crossed_arrows, layout_basic, serial_park_tiny_pond
D:2:      layout_basic, ebering_ecumenical_altar_petrified,
          minmay_quadrilaterals
D:3:      layout_basic
D:4:      layout_loops_ring, lemuel_coloured_pillars_altar,
          mainiacjoe_overflow_catwalk, elyvilon_altar_3, kennysheep_nondescript,
          minmay_manual_mail, uniq_blork_the_orc

Skill      XL: |  1  2  3  4 |
---------------+-------------+-----
Fighting       | 1 |  1.0
Shapeshifting  | 4 5 |  5.2
Dodging        | |  1.7
Unarmed Combat | |  3.1

Action                     |  1- 3 |  4- 6 || total
---------------------------+-------+-------++-------
  Melee: Unarmed           |    82 |    57 ||   139
         Punch             |     1 |     1 ||     2
   Stab: Sleeping          |       |     1 ||     1
 Armour: Animal skin       |    44 |    35 ||    79
  Dodge: Dodged            |    39 |    17 ||    56

Table legend: (Time is in decaauts)
 A = Elapsed time spent in this place.
 B = Non-inter-level travel time spent in this place.
 C = Inter-level travel time spent in this place.
 D = Time resting spent in this place.
 E = Time spent auto-exploring this place.
 F = Levels seen in this place.
 G = Mean time per level.
                   A        B        C        D        E       F      G
               +--------+--------+--------+--------+--------+-----+--------+
         Total |   2519 |   2467 |     52 |      0 |   1993 |   4 |  629.8 |
       Dungeon |   2519 |   2467 |     52 |      0 |   1993 |   4 |  629.8 |
               +--------+--------+--------+--------+--------+-----+--------+

Top non-repeatable levels by time:
     D:1: 830 daAuts
     D:2: 804 daAuts
     D:3: 767 daAuts
     D:4: 116 daAuts
